 Dungeon Crawl Stone Soup version 0.23.2-40-g277498a001 (webtiles) character file.

Game seed: 10558389407714855528

147 FishyPogo the Skirmisher (level 5, -3/43 HPs)
             Began as a Demonspawn Monk on Sept 29, 2019.
             Was a Believer of Sif Muna.
             Slain by a hound (4 damage)
             ... on level 4 of the Dungeon.
             The game lasted 00:08:37 (3289 turns).

FishyPogo the Skirmisher (Demonspawn Monk)          Turns: 3289, Time: 00:08:38

Health: -3/43      AC:  2    Str: 16    XL:     5   Next: 7%
Magic:  5/5        EV: 14    Int: 11    God:    Sif Muna [**....]
Gold:   165        SH:  0    Dex: 17    Spells: 4/4 levels left

rFire    . . .     SeeInvis .   a - +1 mace
rCold    . . .     Gourm    .   (no shield)
rNeg     . . .     Faith    .   b - +0 robe
rPois    .         Spirit   .   (no helmet)
rElec    .         Reflect  .   (no cloak)
rCorr    .         Harm     .   (no gloves)
MR       .....                  (no boots)
Stlth    ++........             (no amulet)
HPRegen  0.14/turn              f - ring of wizardry
MPRegen  0.09/turn              (no ring)

@: mighty
A: rot immunity
a: Divine Energy, Renounce Religion


You were on level 4 of the Dungeon.
You worshipped Sif Muna.
Sif Muna was pleased with you.
You were not hungry.

You visited 1 branch of the dungeon, and saw 4 of its levels.

You collected 165 gold pieces.

Inventory:

Hand Weapons
 a - a +1 mace (weapon)
 p - a +2 short sword of venom
Missiles
 g - 175 stones (quivered)
Armour
 b - a +0 robe (worn)
Jewellery
 f - a ring of wizardry (left hand)
Scrolls
 h - 2 scrolls of amnesia
 k - 2 scrolls of remove curse {unknown}
Potions
 d - 3 potions of curing
 e - 2 potions of agility {unknown}
 i - a potion of might
 l - a potion of ambrosia {unknown}
 m - a potion of magic {unknown}
 o - 2 potions of heal wounds {unknown}
Comestibles
 c - 12 rations
 n - a chunk of flesh


   Skills:
 * Level 4.4 Fighting
 - Level 3.0 Maces & Flails
 + Level 1.4 Throwing
 + Level 3.6 Dodging
 - Level 2.0 Stealth


You had 4 spell levels left.
You didn't know any spells.
Your spell library was empty.

Dungeon Overview and Level Annotations

Branches:
Dungeon (4/15)
 Temple: D:4-7

Altars:
Ru
Sif Muna


Innate Abilities, Weirdness & Mutations

You are immune to rotting.


Message History

The javelin completely misses the hound.
The hound closely misses you. The hound barely misses you. x2
Throwing (i - inventory. (/) - cycle)
j - a javelin (quivered)
Press: ? - help, Shift-Dir - straight line, f/p - hound
Aim: a hound (lightly wounded)
You throw a javelin.
The javelin hits the hound but does no damage.
The hound is almost dead.
The hound barely misses you. The hound closely misses you.
You barely miss the hound.
The hound is almost dead.
The hound barely misses you. The hound closely misses you.
You miss the hound.
The hound is almost dead.
The hound bites you.
* * * LOW HITPOINT WARNING * * *
It was a potion of might.
You feel very mighty all of a sudden. The hound bites you.
You die...

<.# #.##
...( #..##
#. ##... ..
... #. #.#
.. #@# #.
##h##
#(##.h.##
#.#.....##
#.%........#
##.(.....###
#.#...#.#
#.##(.....
#.#####.##.


You could see 2 hounds.

Vanquished Creatures
  A hound skeleton (D:2)
  6 adders
  2 oozes
  2 worms (D:2)
  3 dart slugs
  2 leopard geckos (D:1)
  An orc (D:3)
  6 bats
  A giant cockroach (D:3)
  7 goblins
  7 hobgoblins
  8 kobolds
  A quokka (D:2)
  3 ball pythons
  3 frilled lizards
  6 rats
59 creatures vanquished.

Notes
Turn   | Place    | Note
-------+----------+-------------------------------------------
     0 | D:1      | FishyPogo the Demonspawn Monk began the quest for the Orb.
     0 | D:1      | Reached XP level 1. HP: 18/18 MP: 1/1
   153 | D:1      | Gained mutation: You are immune to rotting. [demonic
                  | ancestry]
   153 | D:1      | Reached XP level 2. HP: 24/24 MP: 2/2
   891 | D:2      | Found a sacrificial altar of Ru.
   941 | D:2      | Reached XP level 3. HP: 25/29 MP: 3/3
  1176 | D:2      | Reached XP level 4. HP: 20/37 MP: 4/4
  1400 | D:2      | Reached skill level 4 in Fighting
  1662 | D:2      | Found a deep blue altar of Sif Muna.
  1665 | D:2      | Became a worshipper of Sif Muna the Loreminder
  1665 | D:2      | Reached * piety under Sif Muna
  1665 | D:2      | Reached ** piety under Sif Muna
  2113 | D:3      | Reached skill level 1 in Throwing
  3129 | D:3      | Reached XP level 5. HP: 30/43 MP: 5/5
  3177 | D:3      | HP: 2/43 [poisoned by an adder]
  3288 | D:4      | HP: 1/43 [hound (3)]
  3289 | D:4      | Slain by a hound

Skill      XL: |  1  2  3  4 |
---------------+-------------+-----
Dodging        | 3 |  3.6
Stealth        | 2 |  2.0
Maces & Flails | 3 |  3.0
Fighting       | 4 |  4.4
Throwing       | 1 |  1.4

Action                   |  1- 3 |  4- 6 || total
-------------------------+-------+-------++-------
Melee: Mace              |    98 |    79 ||   177
Throw: Stone             |     3 |       ||     3
       Javelin           |       |    10 ||    10
  Use: Potion            |     1 |     1 ||     2
       Scroll            |       |     4 ||     4
 Stab: Sleeping          |     4 |     4 ||     8
       Distracted        |     1 |       ||     1
  Eat: Chunk             |     1 |     7 ||     8
Armor: Robe              |    22 |    11 ||    33
Dodge: Dodged            |    81 |    66 ||   147
